 Dungeon Crawl Stone Soup version 0.27-a0-951-gae3e1deef5 (console) character file.

Game seed: 5413504453494778235

120944 jejorda2 the Phalangite (level 16, -2/127 HPs)
             Began as a Merfolk Gladiator on Apr 11, 2021.
             Was the Champion of Okawaru.
             Killed from afar by a fire dragon (24 damage)
             ... with a blast of flame
             ... on level 15 of the Dungeon.
             The game lasted 01:18:10 (30578 turns).

jejorda2 the Phalangite (Merfolk Gladiator)        Turns: 30578, Time: 01:18:10

Health: -2/127     AC: 20    Str: 19    XL:     16   Next: 83%
Magic:  28/28      EV: 25    Int: 10    God:    Okawaru [******]
Gold:   2103       SH:  0    Dex: 20    Spells: 15/15 levels left

rFire    . . .     SeeInvis +   a - +4 bardiche (vamp)
rCold    + + .     Faith    +   (shield currently unavailable)
rNeg     . . .     Spirit   .   W - +3 scale mail of Mesub {rPois}
rPois    +         Reflect  .   V - +1 helmet {SInv}
rElec    .         Harm     .   G - +0 cloak {Will+}
rCorr    .         Rampage  .   Q - +2 pair of gloves {Stlth+}
Will     ++...                  P - +0 pair of boots {Fly}
Stlth    +.........             r - amulet of faith
HPRegen  0.31/turn              l - +4 ring of evasion
MPRegen  0.21/turn              x - ring of Untruth {rC++ MP+9 EV+4 Int+2 Dex+3}

@: flying, studying 2 skills
A: (nimble swimmer 2), mertail, low mp 1
a: Renounce Religion, Heroism, Finesse


You were on level 15 of the Dungeon.
You worshipped Okawaru.
Okawaru was exalted by your worship.
You visited 3 branches of the dungeon, and saw 22 of its levels.
You also visited: Ossuary, Gauntlet and Ice Cave.

You collected 2103 gold pieces.

Inventory:

Hand Weapons
 a - a +4 vampiric bardiche (weapon)
 b - a +5 trident
 w - the +5 halberd "Qakif" {spect, rElec rN+ SInv}
   (Okawaru gifted it to you on level 1 of the Lair of Beasts)

   When it strikes, its spirit leaps out and fights alongside the wielder.
   It insulates you from electricity.
   It protects you from negative energy.
   It lets you see invisible.
Missiles
 m - 134 poisoned darts
 q - 2 silver javelins
 u - 15 atropa-tipped darts
 v - a throwing net
 E - 8 datura-tipped darts
 H - 6 boomerangs (quivered)
 O - 24 javelins
 T - 8 curare-tipped darts
Armour
 G - a +0 cloak of willpower (worn)
 P - a +0 pair of boots of flying (worn)
 Q - a +2 pair of gloves of stealth (worn)
 V - a +1 helmet of see invisible (worn)
 W - the +3 scale mail of Mesub (worn) {rPois}
   (You found it on level 5 of the Lair of Beasts)

   It protects you from poison.
Jewellery
 j - a ring of willpower
 l - a +4 ring of evasion (left hand)
 o - a ring of fire
 r - an amulet of faith (around neck)
 x - the ring of Untruth (right hand) {rC++ MP+9 EV+4 Int+2 Dex+3}
   (You took it off a minotaur in a Gauntlet)

   [ring of evasion]

   It affects your evasion (+4).
   It affects your intelligence (+2).
   It affects your dexterity (+3).
   It greatly protects you from cold.
   It affects your magic capacity (+9).
 y - a ring of positive energy
Wands
 h - a wand of random effects (13)
 n - a wand of flame (58)
 t - a wand of acid (21)
 B - a wand of paralysis (5)
 D - a wand of iceblast (34)
 F - a wand of polymorph (46)
 N - a wand of mindburst (18)
Scrolls
 c - 11 scrolls of teleportation
 e - a scroll of blinking
 i - 2 scrolls of fog
 J - 5 scrolls of magic mapping
 K - 2 scrolls of holy word
 Y - 2 scrolls of identify
Potions
 d - 8 potions of haste
 g - 3 potions of invisibility
 k - 3 potions of berserk rage
 p - 4 potions of mutation
 s - a potion of attraction
 z - 5 potions of heal wounds
 C - 9 potions of curing
 R - 6 potions of might
 S - a potion of ambrosia
 X - a potion of resistance
Miscellaneous
 f - a phial of floods
 L - a condenser vane
 M - a lightning rod (4/4)


   Skills:
 - Level 12.0 Fighting
 * Level 23.2 Polearms
 + Level 11.3 Throwing
 + Level 10.9 Armour
 - Level 10.8 Dodging
 - Level 7.0 Invocations
 - Level 6.0 Evocations


You had 15 spell levels left.
You didn't know any spells.
Your spell library contained the following spells:

 Spells                   Type           Power      Damage    Failure   Level
 Animate Skeleton         Necr           0%         N/A       67%         1
 Apportation              Tloc           0%         N/A       67%         1
 Beastly Appendage        Tmut           0%         N/A       67%         1
 Corona                   Hex            0%         N/A       67%         1
 Foxfire                  Conj/Fire      0%         2x1d4     67%         1
 Freeze                   Ice            0%         1d3       67%         1
 Magic Dart               Conj           0%         1d3       67%         1
 Pain                     Necr           0%         1d4       67%         1
 Summon Small Mammal      Summ           0%         N/A       67%         1
 Blink                    Tloc           N/A        N/A       80%         2
 Searing Ray              Conj           0%         3d3       80%         2
 Slow                     Hex            0%         N/A       80%         2
 Wereblood                Tmut           0%         N/A       80%         2
 Confusing Touch          Hex            0%         N/A       95%         3
 Conjure Flame            Conj/Fire      0%         6-21      95%         3
 Dazzling Flash           Conj/Hex       0%         N/A       95%         3
 Frozen Ramparts          Ice            0%         1d2       95%         3
 Gell's Gravitas          Tloc           0%         N/A       95%         3
 Inner Flame              Hex/Fire       0%         N/A       95%         3
 Lesser Beckoning         Tloc           0%         N/A       95%         3
 Ozocubu's Armour         Ice            0%         N/A       95%         3
 Portal Projectile        Hex/Tloc       0%         N/A       95%         3
 Spider Form              Tmut/Pois      0%         N/A       95%         3
 Teleport Other           Tloc           0%         N/A       95%         3
 Vampiric Draining        Necr           0%         2d6       95%         3
 Animate Dead             Necr           0%         N/A       100%        4
 Cause Fear               Hex            0%         N/A       100%        4
 Fulminant Prism          Conj/Hex       0%         3d6       100%        4
 Hailstorm                Conj/Ice       0%         3d3       100%        4
 Ice Form                 Ice/Tmut       0%         N/A       100%        4
 Iskenderun's Mystic Bla  Conj/Tloc      0%         2d3       100%        4
 Leda's Liquefaction      Hex/Erth       0%         N/A       100%        4
 Petrify                  Tmut/Erth      0%         N/A       100%        4
 Sticky Flame             Conj/Fire      0%         2d3       100%        4
 Agony                    Necr           0%         N/A       100%        5
 Bolt of Magma            Conj/Fire/Erth 0%         4d4       100%        5
 Fireball                 Conj/Fire      0%         3d3       100%        5
 Hydra Form               Tmut           0%         N/A       100%        5
 Iskenderun's Battlesphe  Conj           0%         2d6       100%        5
 Manifold Assault         Tloc           0%         N/A       100%        5
 Metabolic Englaciation   Hex/Ice        0%         N/A       100%        5
 Summon Forest            Summ/Tloc      0%         N/A       100%        5
 Summon Mana Viper        Hex/Summ       0%         N/A       100%        5
 Yara's Violent Unravell  Hex/Tmut       0%         3d3       100%        5
 Iron Shot                Conj/Erth      0%         9d1       100%        6
 Shadow Creatures         Summ           N/A        N/A       100%        6
 Orb of Destruction       Conj           0%         N/A       100%        7
 Spellforged Servitor     Conj/Summ      0%         N/A       100%        7
 Summon Hydra             Summ           0%         N/A       100%        7


Dungeon Overview and Level Annotations

Branches:
Dungeon (15/15)            Temple (1/1) D:4            Lair (6/6) D:11
 Shoals (0/4) Lair:3       Spider (0/4) Lair:3        Slime (0/5) Lair:6
    Orc (0/2) D:9          Vaults (0/5) D:14        Ossuary (visited)
  IceCv (visited)         Gauntlet (visited)
 Depths: D:15

Altars:
Ashenzari
Cheibriados
Dithmenos
Elyvilon
Fedhas
Gozag
Hepliaklqana
Kikubaaqudgha
Makhleb
Nemelex Xobeh
Okawaru
Qazlal
Ru
Sif Muna
Trog
Uskayaw
Vehumet
Wu Jian
Xom
Yredelemnul
Zin
The Shining One

Shops:
D:15 =

Annotations:
D:9 exclusions: downstairs and 3 more exclusions


Innate Abilities, Weirdness & Mutations

((You are quick and stealthy near water. (Stealth+, EV+, Speed+++)))
Your lower body shifts to a powerful aquatic tail in water.
Your magical capacity is low. (-10% MP)


Message History

An ice dragon comes into view.
The fire dragon roars deafeningly!
The fire dragon breathes flames at you. The blast of flame misses you.
Found 70 gold pieces.
The ice dragon breathes frost at you. The blast of cold misses you.
You slash the fire dragon!
The fire dragon is lightly wounded.
You hit the fire dragon.
The fire dragon is lightly wounded.
The fire dragon completely misses you. The fire dragon misses you.
The fire dragon tramples you!
You hold your ground!
The ice dragon bites you! The ice dragon barely misses you. x2
You slash the fire dragon!
The fire dragon is lightly wounded.
The fire dragon bites you! The fire dragon closely misses you.
The fire dragon tramples you.
You hold your ground!
The ice dragon bites you. The ice dragon misses you.
The ice dragon tramples you.
You hold your ground!
You hit the fire dragon but do no damage.
The fire dragon is lightly wounded.
The ice dragon closely misses you. The ice dragon claws you!
The ice dragon completely misses you. The fire dragon misses you.
The fire dragon completely misses you. The fire dragon closely misses you.
You slice the fire dragon!!
The fire dragon is heavily wounded.
The ice dragon closely misses you. x2; The ice dragon misses you.
The fire dragon completely misses you. The fire dragon misses you.
The fire dragon closely misses you.
You barely miss the fire dragon.
The fire dragon is heavily wounded.
The ice dragon misses you. The ice dragon completely misses you.
The ice dragon tramples you!
You hold your ground!
The fire dragon breathes flames at you. The blast of flame hits you!!!
* * * LOW HITPOINT WARNING * * *
You fail to use your ability.
The fire dragon breathes flames at you. The blast of flame hits you!!
You die...

##...###..#####
##.#..###.......
##..#....#.######
##......#.#.##....
#..8....#.#.##.###
## #.......#.#.##.#
.##
#.##.#..#.#.##.#
#.##
##.####....#.##.###
##=##
#.@.##.###.........
##.# #.D#D.#.#
#.####.### ##.##
#$. .$#)###.# #.# #
#.## #$. .$#.....#
#.# # ^## #$.
.$##.#.## #.# # )#
#$. .$##.#.# #.# #
.# ##. .###.#.# #.#
# .# ## ## #.#.#
#.# # .# #.#.# #.#
#


You could see a fire dragon (catching breath) and an ice dragon.

Vanquished Creatures
  Gastronok (D:8)
  A fire giant (D:11)
  A frost giant (IceCv)
  Azrael (D:12)
  A minotaur (Gauntlet)
  Snorg (D:13)
  3 fire dragons
  4 boulder beetles
  A vault guard (D:14)
  An ogre mage (D:15)
  4 centaur warriors
  14 hydras
  Erica (D:8)
  2 catoblepae
  5 two-headed ogres
  12 death yaks
  2 deep troll earth magi (D:11)
  A wizard (D:15)
  A swamp dragon (shapeshifter) (D:11)
  2 deep trolls
  2 lindwurms (Lair:6)
  An obsidian statue (D:14)
  3 deep elf pyromancers
  2 orc knights (D:14)
  An orc sorcerer (D:14)
  2 oklob plants
  3 manticores
  3 cyclopes
  A moth of wrath (Gauntlet)
  12 ugly things
  Maurice (D:12)
  17 elephants
  12 black mambas
  A torpor snail (Lair:4)
  2 molten gargoyles (Lair:6)
  2 ice statues
  12 cane toads
  An unseen horror (D:10)
  Maggie (D:7)
  3 yaktaurs (D:15)
  4 kobold demonologists
  Psyche (D:8)
  6 rime drakes
  19 komodo dragons
  A freezing wraith (D:15)
  5 trolls
  2 jumping spiders (Lair:3)
  A jumping spider (shapeshifter) (D:14)
  19 polar bears
  24 blink frogs
  A wind drake (shapeshifter) (D:14)
  A hornet (D:14)
  23 slime creatures
  Prince Ribbit (D:8)
  2 raiju (Gauntlet)
  7 dream sheep (Lair:5)
  5 wyverns
  A ynoxinul (D:8)
  A water elemental (D:15)
  A centaur simulacrum (D:14)
  4 fire elementals
  79 yaks
  3 wraiths
  Grum (D:10)
  5 basilisks
  12 vampire mosquitoes
  3 steam dragons
  A warg (D:14)
  Menkaure (D:7)
  7 hell hounds
  19 water moccasins
  A sky beast (D:5)
  Duvessa (D:7)
  4 orc warriors
  5 centaurs
  5 ogres
  28 wolves
  A phantom (D:6)
  7 kobold brigands
  2 elf zombies (Ossuary)
  13 bullfrogs
  2 scorpions
  A water moccasin skeleton (D:4)
  Dowan (D:7)
  6 killer bees (D:8)
  A vampire bat (D:9)
  9 wights
  8 howler monkeys
  5 lava snakes (Lair:6)
  3 centaur zombies
  A bullfrog zombie (D:7)
  A hound (D:4)
  A human zombie (Ossuary)
  A gnoll shaman (D:8)
  7 orc priests
  A lightning spire (Gauntlet)
  4 iguanas
  13 orc wizards
  6 hell rats
  A killer bee zombie (D:8)
  A hound skeleton (D:3)
  4 mummies
  2 howler monkey zombies (D:9)
  4 gnolls (D:8)
  7 adders
  12 white imps (Lair:4)
  2 ufetubi
  3 worms
  2 dart slugs
  36 orcs
  2 bats
  6 bat skeletons (D:9)
  A bat zombie (D:9)
  4 endoplasms
  5 giant cockroaches
  9 goblins
  6 hobgoblins
  9 jackals
  6 quokkas
  12 ball pythons
  A bat (shapeshifter) (D:11)
  3 frilled lizards
  2 goblin zombies (Ossuary)
  3 hobgoblin zombies (Ossuary)
  15 kobolds
  4 kobold zombies (Ossuary)
  4 rats
705 creatures vanquished.

Vanquished Creatures (others)
  A wolf (IceCv)
  26 fungi
  46 plants
73 creatures vanquished.

Grand Total: 778 creatures vanquished

Notes
Turn   | Place    | Note
-------+----------+-------------------------------------------
     0 | D:1      | jejorda2 the Merfolk Gladiator began the quest for the Orb.
     0 | D:1      | Reached XP level 1. HP: 16/16 MP: 1/1
   155 | D:1      | Reached XP level 2. HP: 23/23 MP: 2/2
   242 | D:1      | Reached skill level 5 in Polearms
   428 | D:1      | Reached XP level 3. HP: 22/28 MP: 3/3
   980 | D:2      | Found a faded altar of an unknown god.
  1115 | D:2      | Reached skill level 1 in Armour
  1199 | D:2      | Reached skill level 6 in Polearms
  1199 | D:2      | Reached XP level 4. HP: 13/35 MP: 4/4
  2042 | D:2      | You fall into a shaft and drop 1 floor!
  2044 | D:3      | Noticed a scorpion
  2067 | D:3      | Reached XP level 5. HP: 19/41 MP: 5/5
  2085 | D:3      | Reached skill level 7 in Polearms
  2713 | D:3      | Reached XP level 6. HP: 41/46 MP: 6/6
  3104 | D:4      | Found an ornate altar of the Wu Jian Council.
  3214 | D:4      | Found a staircase to the Ecumenical Temple.
  3224 | Temple   | Entered the Ecumenical Temple
  3795 | Temple   | Became a worshipper of Warmaster Okawaru
  3873 | D:4      | Reached skill level 8 in Polearms
  3873 | D:4      | Reached skill level 1 in Invocations
  3882 | D:4      | Identified the -7 buckler of Transparent Happiness {rCorr}
  3953 | D:4      | Reached XP level 7. HP: 53/54 MP: 6/8
  4357 | D:4      | Reached * piety under Okawaru
  4663 | D:5      | Entered Level 5 of the Dungeon
  4913 | D:5      | Reached skill level 9 in Polearms
  5120 | D:5      | Reached XP level 8. HP: 43/61 MP: 7/10
  5241 | D:5      | Found a shadowy altar of Dithmenos.
  5566 | D:6      | Reached skill level 5 in Fighting
  5766 | D:6      | Found a large runed translucent door.
  5767 | D:6      | Found a large runed translucent door.
  5787 | D:6      | Reached ** piety under Okawaru
  5788 | D:6      | Reached skill level 10 in Polearms
  5790 | D:6      | Found a sparkling altar of Nemelex Xobeh.
  5793 | D:6      | Found a snail-covered altar of Cheibriados.
  5875 | D:6      | Found a sand-covered staircase.
  5889 | Ossuary  | Entered an ossuary
  5889 | Ossuary  | Noticed a wraith
  5889 | Ossuary  | Noticed a wraith
  5889 | Ossuary  | Noticed a wraith
  6201 | Ossuary  | Reached skill level 5 in Invocations
  6236 | Ossuary  | Noticed a wraith
  6247 | Ossuary  | Killed a wraith
  6609 | D:6      | Noticed a two-headed ogre
  6624 | D:6      | Killed a two-headed ogre
  6624 | D:6      | Reached *** piety under Okawaru
  6625 | D:6      | Reached skill level 11 in Polearms
  6625 | D:6      | Reached XP level 9. HP: 39/69 MP: 11/13
  6969 | D:6      | Found a blossoming altar of Fedhas.
  7240 | D:7      | Noticed Menkaure
  7248 | D:7      | Killed Menkaure
  7248 | D:7      | Reached **** piety under Okawaru
  7430 | D:7      | Noticed Duvessa
  7430 | D:7      | Noticed Dowan
  7435 | D:7      | Killed Dowan
  7454 | D:7      | Killed Duvessa
  7492 | D:7      | Noticed Maggie
  7515 | D:7      | Killed Maggie
  7516 | D:7      | Reached skill level 12 in Polearms
  7788 | D:7      | Received a gift from Okawaru
  7941 | D:7      | Noticed a six-headed hydra
  7954 | D:7      | Killed a six-headed hydra
  7954 | D:7      | Reached ***** piety under Okawaru
  7955 | D:7      | Reached skill level 13 in Polearms
  7955 | D:7      | Reached XP level 10. HP: 69/76 MP: 13/15
  8359 | D:8      | Noticed Prince Ribbit
  8369 | D:8      | Killed Prince Ribbit
  8370 | D:8      | Reached skill level 5 in Armour
  8370 | D:8      | Reached skill level 1 in Evocations
  8541 | D:8      | Identified the +8 short sword of Wariness {vamp, Str+8
                  | Int+2 Dex-4}
  8544 | D:8      | Noticed Psyche
  8550 | D:8      | Killed Psyche
  8551 | D:8      | Reached skill level 14 in Polearms
  8594 | D:8      | Found a shimmering blue altar of Sif Muna.
  8606 | D:8      | Identified Sif Muna's Handbook of the Captivating Compass
  8612 | D:8      | Found a bloodstained altar of Trog.
  8992 | D:8      | Found a hide-covered altar of Uskayaw.
  9041 | D:8      | Noticed Gastronok
  9057 | D:8      | Killed Gastronok
  9057 | D:8      | Received a gift from Okawaru
  9058 | D:8      | Reached skill level 15 in Polearms
  9058 | D:8      | Reached XP level 11. HP: 81/81 MP: 9/16
  9382 | D:8      | Noticed Erica
  9398 | D:8      | Killed Erica
  9439 | D:8      | Received a gift from Okawaru
  9473 | D:8      | Reached skill level 16 in Polearms
  9937 | D:9      | Found a sacrificial altar of Ru.
 10137 | D:9      | Found a staircase to the Orcish Mines.
 10195 | D:9      | Reached skill level 5 in Evocations
 10693 | D:9      | Found an ancient bone altar of Kikubaaqudgha.
 10938 | D:9      | Noticed a lindwurm
 10938 | D:9      | Noticed a lindwurm
 10939 | D:9      | Noticed a lindwurm
 10943 | D:9      | Noticed a lindwurm
 10956 | D:9      | HP: 1/81 [lindwurm/blast of flame (19)]
 11372 | D:10     | Entered Level 10 of the Dungeon
 11813 | D:10     | Noticed Grum
 11825 | D:10     | Killed Grum
 11853 | D:10     | Found a shimmering altar of Xom.
 11854 | D:10     | Found a hazy altar of Hepliaklqana.
 11855 | D:10     | Noticed a two-headed ogre
 11935 | D:10     | Reached skill level 17 in Polearms
 12166 | D:10     | Found an opulent altar of Gozag.
 12214 | D:10     | Received a gift from Okawaru
 12518 | D:11     | Gained mutation: Your magical capacity is low. (-10% MP) [a
                  | neqoxec]
 12521 | D:11     | Noticed a sun demon
 12670 | D:11     | Reached skill level 18 in Polearms
 12805 | D:11     | Noticed a cyclops
 12815 | D:11     | Killed a cyclops
 12816 | D:11     | Reached XP level 12. HP: 69/88 MP: 9/15
 13015 | D:11     | Reached ****** piety under Okawaru
 13269 | D:11     | Reached skill level 19 in Polearms
 13501 | D:11     | Noticed a deep troll earth mage
 13502 | D:11     | Identified the +9 war axe "Ogreslayer" {speed, Str+3}
 13502 | D:11     | Noticed a fire giant
 13503 | D:11     | Found a runed translucent door.
 13505 | D:11     | Noticed a deep troll earth mage
 13505 | D:11     | Noticed a shock serpent
 13505 | D:11     | Noticed a fire dragon
 13505 | D:11     | Noticed a fire dragon
 13515 | D:11     | a shock serpent changed into a snapping turtle
 13517 | D:11     | Killed a fire giant
 13517 | D:11     | Received a gift from Okawaru
 13530 | D:11     | Killed a deep troll earth mage
 13531 | D:11     | Reached skill level 20 in Polearms
 13541 | D:11     | Killed a fire dragon
 13551 | D:11     | Killed a deep troll earth mage
 13558 | D:11     | Killed a fire dragon
 13559 | D:11     | Reached skill level 5 in Dodging
 13561 | D:11     | Received a gift from Okawaru
 13582 | D:11     | Identified the +0 plate armour of Calculation {Rampage +Inv
                  | rF- rCorr}
 13847 | D:11     | Found a staircase to the Lair.
 14000 | Lair:1   | Entered Level 1 of the Lair of Beasts
 14022 | Lair:1   | Identified the +5 halberd "Qakif" {spect, rElec rN+ SInv}
                  | (Okawaru gifted it to you on level 1 of the Lair of Beasts)
 14022 | Lair:1   | Received a gift from Okawaru
 14192 | Lair:1   | Reached XP level 13. HP: 98/98 MP: 16/16
 14198 | Lair:1   | Received a gift from Okawaru
 14449 | Lair:1   | Received a gift from Okawaru
 15432 | Lair:2   | Reached skill level 5 in Throwing
 16017 | Lair:2   | Reached skill level 10 in Fighting
 16802 | Lair:3   | Identified the +0 pair of gloves of Recklessness {Rampage
                  | rCorr Dex-5 Slay+4} (Okawaru gifted it to you on level 3 of
                  | the Lair of Beasts)
 16802 | Lair:3   | Received a gift from Okawaru
 16817 | Lair:3   | Found a staircase to the Shoals.
 16895 | Lair:3   | Found a hole to the Spider Nest.
 17470 | Lair:3   | Reached XP level 14. HP: 87/113 MP: 17/17
 18438 | Lair:3   | Identified the +12 quarterstaff of Fear {flame, rC+ Dex+7
                  | SInv Stlth-} (Okawaru gifted it to you on level 3 of the
                  | Lair of Beasts)
 18438 | Lair:3   | Received a gift from Okawaru
 18675 | Lair:4   | Found a frozen archway.
 18802 | IceCv    | Entered an ice cave
 19490 | IceCv    | Reached skill level 10 in Dodging
 19546 | IceCv    | Received a gift from Okawaru
 19633 | IceCv    | Noticed a frost giant
 19651 | IceCv    | Killed a frost giant
 21630 | Lair:5   | Received a gift from Okawaru
 21636 | Lair:5   | Reached XP level 15. HP: 115/120 MP: 18/18
 21907 | Lair:5   | Identified the +3 scale mail of Mesub {rPois}
 22090 | Lair:5   | Received a gift from Okawaru
 22622 | Lair:6   | Entered Level 6 of the Lair of Beasts
 23421 | Lair:6   | Received a gift from Okawaru
 23871 | Lair:6   | Found a staircase to the Slime Pits.
 24069 | Lair:6   | Reached skill level 21 in Polearms
 24257 | Lair:6   | Identified the +6 chain mail of Govuitwy {Int+2} (Okawaru
                  | gifted it to you on level 6 of the Lair of Beasts)
 24257 | Lair:6   | Received a gift from Okawaru
 24382 | Lair:6   | Found a large runed translucent door.
 24382 | Lair:6   | Found a large runed translucent door.
 24420 | Lair:6   | Reached skill level 10 in Armour
 25371 | D:12     | Reached skill level 10 in Throwing
 25411 | D:12     | Noticed Maurice
 25508 | D:12     | Found a blossoming altar of Fedhas.
 25851 | D:12     | Killed Maurice
 25987 | D:13     | Noticed Azrael
 26327 | D:12     | Killed Azrael
 26584 | D:13     | Received a gift from Okawaru
 26687 | D:13     | Reached XP level 16. HP: 94/127 MP: 19/19
 26763 | D:13     | Identified the +5 ring mail "Piliaddi" {rN+ Str+3 Stlth+}
 27077 | D:13     | Identified the +7 war axe of Drought {drain, rC+}
 27160 | D:13     | Noticed Snorg
 27183 | D:13     | Reached skill level 22 in Polearms
 27189 | D:13     | Killed Snorg
 27708 | D:14     | Found a gate leading to a gauntlet.
 27750 | Gauntlet | Entered a Gauntlet
 27750 | Gauntlet | Found a transporter.
 27750 | Gauntlet | Found a runed translucent door.
 27751 | Gauntlet | Found a runed translucent door.
 27758 | Gauntlet | Found a transporter.
 27761 | Gauntlet | Found a transporter.
 27772 | Gauntlet | Found a transporter.
 27775 | Gauntlet | Found a transporter.
 27794 | Gauntlet | Found a transporter.
 27807 | Gauntlet | Found a transporter.
 27820 | Gauntlet | Found a transporter.
 27831 | Gauntlet | Found a transporter.
 27854 | Gauntlet | Found a transporter.
 27866 | Gauntlet | Found a transporter.
 27866 | Gauntlet | Found a transporter.
 27915 | Gauntlet | Found a transporter.
 27930 | Gauntlet | Found a transporter.
 28118 | Gauntlet | Identified the +11 mace "Cetosm" {vorpal, +Inv rF+ Will+}
 28161 | Gauntlet | Identified the amulet "Qyjiales" {rC+ Regen+}
 28175 | Gauntlet | Identified the ring of Untruth {rC++ MP+9 EV+4 Int+2 Dex+3}
 28176 | Gauntlet | Found the +3 robe of Clouds {+Thunder rCloud rElec}
 28291 | D:14     | Found a shimmering altar of Xom.
 28293 | D:14     | Found a shimmering altar of Xom.
 28293 | D:14     | Found a shimmering altar of Xom.
 28753 | D:14     | Received a gift from Okawaru
 28934 | D:14     | Found a gate to the Vaults.
 28936 | D:14     | Identified the +1 scale mail "Lagokaur" {rPois}
 29318 | D:15     | Entered Level 15 of the Dungeon
 29426 | D:15     | Identified the +10 quarterstaff of Misery {venom, Dex+7}
                  | (Okawaru gifted it to you on level 15 of the Dungeon)
 29426 | D:15     | Received a gift from Okawaru
 29966 | D:15     | Found Methrou's Jewellery Shop.
 29973 | D:15     | Reached skill level 23 in Polearms
 30121 | D:15     | Received a gift from Okawaru
 30409 | D:15     | Received a gift from Okawaru
 30578 | D:15     | Killed from afar by a fire dragon

Illustrated notes

Levels and vault maps discovered:
D:1:      minmay_arrival_semitransparent, layout_rooms
D:2:      layout_loops_corners, shapermc_ecumenical_altar_totnotflames
D:3:      layout_rooms
D:4:      kennysheep_big_flooded_room, layout_basic, nzn_wu_jian_council_hall,
          minmay_temple_entry_glass, roderic_serpentine_path
D:5:      layout_rooms, grunt_dithmenos_smoke
D:6:      layout_basic, jmf_multi_god_temple2, kennysheep_mini,
          gup_ossuary_entry_pyramid
D:7:      layout_cave_pools, minmay_misc_feat_four_crosses, uniq_duvessa,
          uniq_maggie, uniq_menkaure
D:8:      layout_basic, nzn_overflow_gifts_of_might_and_magic,
          amcnicky_altar_gilded, uniq_erica, uniq_prince_ribbit1, uniq_psyche,
          uniq_gastronok
D:9:      layout_basic, kennysheep_vampire_church,
          nicolae_overflow_crystal_walls, orc_0_dummy, minmay_lindwurm_lava
D:10:     layout_roguey, regret_index_temple_of_mockery,
          overflow_temple_1_default, uniq_grum
D:11:     minmay_gate_of_8, layout_irregular_city, david_lair_shrubbed
D:12:     layout_roguey, fedhas_altar_1, uniq_maurice
D:13:     layout_loops_cross, uniq_snorg, uniq_azrael
D:14:     layout_cave_pools, david_vaults_5, gauntlet_entry_generic,
          xom_redecorated, grunt_ministairs_14, minivault_16, serial_park_tiny_1
D:15:     grunt_enter_depths_hoard, layout_loops_ring, serial_shops, shop,
          roderic_roman_lattice, minmay_crystal_water
Temple:   jpeg_temple_island
Lair:1:   layout_roguey, minmay_lair_oklob_bushes, minivault_19, minivault_24
Lair:2:   layout_loops_ring
Lair:3:   layout_cave_pods, shoals_dummy_entry, spider_nest_entry_a,
          wad_woods_river_02, minivault_11, hangedman_lair_generics_rect
Lair:4:   layout_misc_corridors, portal_ice_cave_entry_imps
Lair:5:   statuecave_lemuel, layout_gridlike, lemuel_fruit_tree
Lair:6:   cheibrodos_lair_end_hotspot, layout_regular_city,
          dpeg_slime_entry_corner

Skill      XL: |  1  2  3  4  5  6  7  8  9 10 11 12 13 14 15 16 |
---------------+-------------------------------------------------+-----
Polearms       | 5 6 7 8 9 11 13 15 18 20 21 23 | 23.2
Armour         | 1 2 3 4 5 6 7 9 10 | 10.9
Fighting       | 3 4 6 8 11 12 | 12.0
Invocations    | 1 3 6 7 |  7.0
Evocations     | 4 6 |  6.0
Throwing       | 4 6 8 10 11 | 11.3
Dodging        | 6 8 10 | 10.8

Action                   |  1- 3 |  4- 6 |  7- 9 | 10-12 | 13-15 | 16-18 || total
-------------------------+-------+-------+-------+-------+-------+-------++-------
Melee: Trident           |   143 |   157 |   355 |    29 |    58 |    15 ||   757
       Punch             |       |       |     2 |       |       |       ||     2
       Halberd           |       |       |       |   569 |       |    23 ||   592
       Glaive            |       |       |       |   113 |   969 |       ||  1082
       Bardiche          |       |       |       |       |   378 |   469 ||   847
Throw: Throwing net      |     2 |     3 |     1 |       |       |       ||     6
       Dart              |       |       |     8 |     1 |     5 |       ||    14
       Javelin           |       |       |       |       |    39 |       ||    39
       Boomerang         |       |       |       |       |    10 |     8 ||    18
Invok: Heroism           |       |       |     8 |     8 |    11 |     4 ||    31
       Finesse           |       |       |       |     6 |     6 |     2 ||    14
Evoke: Wand              |       |       |     3 |       |     2 |       ||     5
  Use: Potion            |       |     3 |       |     5 |     1 |       ||     9
       Scroll            |       |     5 |     9 |     7 |     9 |     2 ||    32
 Stab: Sleeping          |     1 |       |       |       |       |       ||     1
       Held in net/web   |       |     3 |       |       |       |       ||     3
       Invisible         |       |       |       |       |     1 |       ||     1
       Petrified         |       |       |       |       |    13 |       ||    13
       Distracted        |       |       |       |       |     1 |       ||     1
Armor: Leather armour    |    13 |       |       |       |       |       ||    13
       Chain mail        |    25 |    50 |    69 |       |       |       ||   144
       Plate armour      |       |       |    54 |   294 |   391 |       ||   739
       Scale mail        |       |       |       |       |   163 |   112 ||   275
Dodge: Dodged            |    66 |    25 |    83 |   229 |   738 |   398 ||  1539

Table legend: (Time is in decaauts)
 A = Elapsed time spent in this place.
 B = Non-inter-level travel time spent in this place.
 C = Inter-level travel time spent in this place.
 D = Time resting spent in this place.
 E = Time spent auto-exploring this place.
 F = Levels seen in this place.
 G = Mean time per level.
                   A        B        C        D        E       F      G
               +--------+--------+--------+--------+--------+-----+--------+
         Total |  29547 |  28474 |   1073 |    606 |  22393 |  25 | 1181.9 |
       Dungeon |  17126 |  16587 |    539 |    288 |  13248 |  15 | 1141.7 |
        Temple |    412 |    380 |     32 |      0 |    358 |   1 |  412.0 |
          Lair |   9822 |   9321 |    501 |    101 |   7539 |   6 | 1637.0 |
       Ossuary |    697 |    697 |      0 |     99 |    398 |   1 |  697.0 |
      Ice Cave |    996 |    996 |      0 |     84 |    603 |   1 |  996.0 |
      Gauntlet |    491 |    491 |      0 |     32 |    246 |   1 |  491.0 |
               +--------+--------+--------+--------+--------+-----+--------+

Top non-repeatable levels by time:
  Lair:6: 2443 daAuts
     D:8: 1866 daAuts
  Lair:3: 1810 daAuts
  Lair:4: 1628 daAuts
    D:11: 1483 daAuts
     D:2: 1403 daAuts
  Lair:1: 1359 daAuts
  Lair:2: 1342 daAuts
    D:12: 1250 daAuts
  Lair:5: 1239 daAuts
    D:15: 1221 daAuts
    D:14: 1168 daAuts
     D:6: 1144 daAuts
     D:9: 1137 daAuts
     D:4: 1095 daAuts
